cohdb
Replays
Latest Replays
All Replays
Popular Replays
Top Player Replays
Match Explorer
How It Works
Community
CoH3 Stats
Reddit
Sign in to upload your games and track your stats! →
Sign in with Steam
Match 44731669
Unlisted
Match 44731669
Overview
Messages
Build Orders
End
Vickers Machine Gun Team
Construct Section Command Post
Infantry Section
Infantry Section
Grenade Package
Infantry Section
Construct Platoon Command Post
Selects Canadian Shock Battlegroup
Selects Offensive Resupply
Selects Canadian Shock Section
CMP 15cwt Truck
Canadian Shock Section
Selects Burnout
Infantry Training
Team Weapon Training
Construct Company Command Post
CDI
LVMAC
UND3RCOV3RWHALE
davidx0r
BlimpAttack73
Jarques
(#Inzaghi9#)
SuBVeRSiVo
0
0
Comments
sign in to comment!
No comments posted yet!